NCAA
ALABAMA CRIMSON TIDE @ OHIO STATE BUCKEYES
04/28/2023
 
TOP OF THE 1ST
Alabama Crimson Tide batting - Pitching for Ohio State Buckeyes : RHP Manuel Zarate
Pitching: RHP Manuel Zarate
Batting: LHB Raúl Morales 0-0: Ground out 4-3 (Groundball, 4)
Batting: LHB Carlos Osorio 0-0: Fly out, F4 (Popup, 34D)
Batting: LHB Mike Godfrey 0-0: Called Strike
0-1: SINGLE (Flyball, 89S)
Batting: LHB Davey Davis 0-0: Called Strike
0-1: Ball
1-1: Ball
2-1: Ball
3-1: Swinging Strike
3-2: Foul Ball, location: 2F
3-2: Ground out 6-3 (Groundball, 6M)
Top of the 1st over - 0 run(s), 1 hit(s), 0 error(s), 1 left on base; Alabama 0 - Ohio State 0
BOTTOM OF THE 1ST
Ohio State Buckeyes batting - Pitching for Alabama Crimson Tide : RHP Roy Wiggins
Pitching: RHP Roy Wiggins
Batting: SHB Thomas Simmons 0-0: Called Strike
0-1: Ball
1-1: Swinging Strike
1-2: Ground out 1-3 (Groundball, 25)
Batting: RHB Gabriel Soto 0-0: Swinging Strike
0-1: Foul Ball, location: 2F
0-2: Ball
1-2: Foul Ball, location: 2F
1-2: Ground out 5-3 (Groundball, 5S)
Batting: LHB Frank García 0-0: Called Strike
0-1: Ball
1-1: Ground out U3 (Groundball, 3S)
Bottom of the 1st over - 0 run(s), 0 hit(s), 0 error(s), 0 left on base; Alabama 0 - Ohio State 0
TOP OF THE 2ND
Alabama Crimson Tide batting - Pitching for Ohio State Buckeyes : RHP Manuel Zarate
Batting: LHB Miguel Colón 0-0: Foul Ball, location: 2F
0-1: Swinging Strike
0-2: Foul Ball, location: 2F
0-2: Strikes out swinging
Batting: RHB Pablo Gómez 0-0: Ground out 6-3 (Groundball, 6)
Batting: RHB Andrew O'Dell 0-0: Foul Ball, location: 2F
0-1: Foul Ball, location: 2F
0-2: Ball
1-2: Ball
2-2: Foul Ball, location: 2F
2-2: Foul Ball, location: 2F
2-2: Ball
3-2: Strikes out swinging
Top of the 2nd over - 0 run(s), 0 hit(s), 0 error(s), 0 left on base; Alabama 0 - Ohio State 0
BOTTOM OF THE 2ND
Ohio State Buckeyes batting - Pitching for Alabama Crimson Tide : RHP Roy Wiggins
Batting: RHB Júlio Morales 0-0: Ball
1-0: Ball
2-0: Called Strike
2-1: Fly out, F8 (Line Drive, 8LM)
Batting: SHB Jorge Rodríguez 0-0: Ball
1-0: Called Strike
1-1: Ball
2-1: Swinging Strike
2-2: Ball
3-2: Base on Balls
Batting: SHB Devin Smith 0-0: Ball
1-0: 2-RUN HOME RUN (Flyball, 9D), Distance : 359 ft
Batting: SHB Tony Patterson 0-0: Foul Ball, location: 2F
0-1: Ball
1-1: Ball
2-1: SINGLE (Line Drive, 4M)
Batting: LHB Matt Ruskin 0-0: Called Strike
0-1: Ball
1-1: SINGLE (Groundball, 3D)
Tony Patterson to second
Runner from 2nd tries for 3rd, SAFE, throw made to third
Matt Ruskin to second
Batting: RHB Santiago Gutiérrez 0-0: Called Strike
0-1: Ball
1-1: Swinging Strike
1-2: Ball
2-2: Foul Ball, location: 2F
2-2: SINGLE (Line Drive, 6MD)
Tony Patterson scores
Matt Ruskin to third
Runner from 3rd tries for Home, SAFE, no throw or cutoff
Batting: SHB Thomas Simmons 0-0: Ball
Single, Error in OF, E9, batter to second base
Santiago Gutiérrez to third
Batting: RHB Gabriel Soto 0-0: Called Strike
0-1: Called Strike
0-2: Ball
1-2: Ball
2-2: Ball
3-2: Base on Balls
Batting: LHB Frank García 0-0: Fly out, F7 (Flyball, 7LM)
Runner from 3rd tags up, SCORES, no throw
Batting: RHB Júlio Morales 0-0: Called Strike
0-1: Ball
1-1: Foul Ball, location: 2F
1-2: Strikes out swinging
Bottom of the 2nd over - 5 run(s), 5 hit(s), 1 error(s), 2 left on base; Alabama 0 - Ohio State 5
TOP OF THE 3RD
Alabama Crimson Tide batting - Pitching for Ohio State Buckeyes : RHP Manuel Zarate
Batting: RHB Eddie Howell 0-0: Called Strike
0-1: Ball
1-1: Ball
2-1: Called Strike
2-2: Foul Ball, location: 2F
2-2: Foul Ball, location: 2F
2-2: Ball
3-2: Strikes out swinging
Batting: SHB Shane Hutchinson 0-0: Called Strike
0-1: Ball
1-1: Ball
2-1: Ball
3-1: Foul Ball, location: 2F
3-2: Strikes out swinging
Batting: LHB Raúl Morales 0-0: Swinging Strike
0-1: Ball
1-1: Ball
2-1: Fly out, F9 (Flyball, 9M)
Top of the 3rd over - 0 run(s), 0 hit(s), 0 error(s), 0 left on base; Alabama 0 - Ohio State 5
BOTTOM OF THE 3RD
Ohio State Buckeyes batting - Pitching for Alabama Crimson Tide : RHP Roy Wiggins
Batting: SHB Jorge Rodríguez 0-0: Swinging Strike
0-1: Ball
1-1: Ball
2-1: Called Strike
2-2: Ball
3-2: Base on Balls
Batting: SHB Devin Smith 0-0: Ball
1-0: Ball
2-0: Called Strike
2-1: Fielders Choice at 2nd, 4-6 (Groundball, 4)
Batting: SHB Tony Patterson 0-0: Foul Ball, location: 2F
0-1: Called Strike
0-2: Grounds into double play, 4-6-3 (Groundball, 4)
Bottom of the 3rd over - 0 run(s), 0 hit(s), 0 error(s), 0 left on base; Alabama 0 - Ohio State 5
TOP OF THE 4TH
Alabama Crimson Tide batting - Pitching for Ohio State Buckeyes : RHP Manuel Zarate
Batting: LHB Carlos Osorio 0-0: Ball
1-0: Called Strike
1-1: Ball
2-1: Ball
3-1: Foul Ball, location: 2F
3-2: Foul Ball, location: 2F
3-2: Ground out 4-3 (Groundball, 34)
Batting: LHB Mike Godfrey 0-0: Ball
1-0: Ball
2-0: SINGLE (Groundball, 34D)
Batting: LHB Davey Davis 0-0: Ball
1-0: Ball
2-0: Ball
3-0: Called Strike
3-1: Swinging Strike
3-2: Foul Ball, location: 2F
3-2: Foul Ball, location: 2F
3-2: Foul Ball, location: 2F
3-2: Fly out, F8 (Flyball, 78M)
Batting: LHB Miguel Colón 0-0: SINGLE (Groundball, 6MD)
Mike Godfrey to second
Batting: RHB Pablo Gómez 0-0: Ball
1-0: Called Strike
1-1: Called Strike
1-2: Strikes out swinging
Top of the 4th over - 0 run(s), 2 hit(s), 0 error(s), 2 left on base; Alabama 0 - Ohio State 5
BOTTOM OF THE 4TH
Ohio State Buckeyes batting - Pitching for Alabama Crimson Tide : RHP Roy Wiggins
Batting: LHB Matt Ruskin 0-0: Foul Ball, location: 2F
0-1: Called Strike
0-2: SINGLE (Flyball, 7LS)
Batting: RHB Santiago Gutiérrez 0-0: Called Strike
0-1: Swinging Strike
0-2: Ball
1-2: Strikes out swinging
Batting: SHB Thomas Simmons 0-0: Called Strike
0-1: Called Strike
0-2: Fly out, F7 (Flyball, 7S)
Batting: RHB Gabriel Soto 0-0: Ball
1-0: Ball
2-0: Fly out, F8 (Flyball, 8RS)
Bottom of the 4th over - 0 run(s), 1 hit(s), 0 error(s), 1 left on base; Alabama 0 - Ohio State 5
TOP OF THE 5TH
Alabama Crimson Tide batting - Pitching for Ohio State Buckeyes : RHP Manuel Zarate
Batting: RHB Andrew O'Dell 0-0: Foul Ball, location: 2F
0-1: Called Strike
0-2: Ball
1-2: Ground out 5-3 (Groundball, 56S)
Batting: RHB Eddie Howell 0-0: Swinging Strike
0-1: Foul Ball, location: 2F
0-2: Ball
1-2: Ball
2-2: Ball
3-2: Strikes out looking
Batting: SHB Shane Hutchinson 0-0: Ball
1-0: Called Strike
1-1: Ball
2-1: Fly out, F7 (Flyball, 7M)
Top of the 5th over - 0 run(s), 0 hit(s), 0 error(s), 0 left on base; Alabama 0 - Ohio State 5
BOTTOM OF THE 5TH
Ohio State Buckeyes batting - Pitching for Alabama Crimson Tide : RHP Roy Wiggins
Batting: LHB Frank García 0-0: Ground out 4-3 (Groundball, 4)
Batting: RHB Júlio Morales 0-0: Called Strike
0-1: Called Strike
0-2: Foul Ball, location: 2F
0-2: Strikes out swinging
Batting: SHB Jorge Rodríguez 0-0: Ball
1-0: Foul Ball, location: 2F
1-1: Foul Ball, location: 2F
1-2: Ball
2-2: Foul Ball, location: 2F
2-2: Ball
3-2: SINGLE (Flyball, 8RS)
Pitching: RHP Logan Villiers
Batting: SHB Devin Smith 0-0: Called Strike
0-1: Called Strike
0-2: Ball
1-2: Strikes out swinging
Bottom of the 5th over - 0 run(s), 1 hit(s), 0 error(s), 1 left on base; Alabama 0 - Ohio State 5
TOP OF THE 6TH
Alabama Crimson Tide batting - Pitching for Ohio State Buckeyes : RHP Manuel Zarate
Pitching: RHP Allen King
Batting: LHB Raúl Morales 0-0: Called Strike
0-1: Foul Ball, location: 2F
0-2: Strikes out swinging
Batting: LHB Carlos Osorio 0-0: Foul Ball, location: 2F
0-1: Ball
1-1: SINGLE (Line Drive, 34D)
Batting: LHB Mike Godfrey 0-0: Ball
1-0: Ball
2-0: Ball
3-0: Base on Balls
Carlos Osorio to second
Batting: LHB Davey Davis 0-0: Foul Ball, location: 2F
0-1: Ball
1-1: Ball
2-1: Swinging Strike
2-2: Foul Ball, location: 2F
2-2: Strikes out swinging
Batting: LHB Miguel Colón 0-0: Ball
1-0: Ball
2-0: Called Strike
2-1: Foul Ball, location: 2F
2-2: Ball
3-2: Foul Ball, location: 2F
3-2: Base on Balls
Carlos Osorio to third
Mike Godfrey to second
Batting: RHB Pablo Gómez 0-0: Foul Ball, location: 2F
0-1: Swinging Strike
0-2: Ball
Wild Pitch!
Carlos Osorio scores
Mike Godfrey to third
Miguel Colón to second
1-2: Strikes out swinging
Top of the 6th over - 1 run(s), 1 hit(s), 0 error(s), 2 left on base; Alabama 1 - Ohio State 5
BOTTOM OF THE 6TH
Ohio State Buckeyes batting - Pitching for Alabama Crimson Tide : RHP Logan Villiers
Batting: SHB Tony Patterson 0-0: Ball
1-0: Called Strike
1-1: Swinging Strike
1-2: Strikes out swinging
Batting: LHB Matt Ruskin 0-0: Ball
1-0: Ground out 1-3 (Groundball, 15S)
Batting: RHB Santiago Gutiérrez 0-0: Called Strike
0-1: Called Strike
0-2: Ball
1-2: Foul Ball, location: 2F
1-2: Foul Ball, location: 2F
1-2: Ball
2-2: Ball
3-2: Foul Ball, location: 2F
3-2: Foul Ball, location: 2F
3-2: Strikes out swinging
Bottom of the 6th over - 0 run(s), 0 hit(s), 0 error(s), 0 left on base; Alabama 1 - Ohio State 5
TOP OF THE 7TH
Alabama Crimson Tide batting - Pitching for Ohio State Buckeyes : RHP Allen King
Batting: RHB Andrew O'Dell 0-0: Swinging Strike
0-1: Ball
1-1: Ball
2-1: Foul Ball, location: 2F
2-2: Ball
3-2: Base on Balls
Batting: RHB Eddie Howell 0-0: Ball
1-0: Called Strike
1-1: Swinging Strike
1-2: Ball
2-2: Strikes out swinging
Batting: SHB Shane Hutchinson 0-0: Ball
1-0: Called Strike
1-1: Foul Ball, location: 2F
1-2: Ball
2-2: DOUBLE (Line Drive, 9LM)
Andrew O'Dell to third
Batting: LHB Raúl Morales 0-0: Ball
1-0: Ball
2-0: Called Strike
2-1: Foul Ball, location: 2F
2-2: Ball
3-2: Base on Balls
Batting: LHB Carlos Osorio 0-0: Ball
1-0: Foul Ball, location: 2F
1-1: Fly out, F8 (Line Drive, 8RM)
Runner from 3rd tags up, SCORES, no throw
Pitching: RHP Walt Davis
Batting: LHB Mike Godfrey 0-0: Ball
1-0: Ball
2-0: Foul Ball, location: 2F
2-1: Called Strike
2-2: Ground out 1-3 (Groundball, 13)
Top of the 7th over - 1 run(s), 1 hit(s), 0 error(s), 2 left on base; Alabama 2 - Ohio State 5
BOTTOM OF THE 7TH
Ohio State Buckeyes batting - Pitching for Alabama Crimson Tide : RHP Logan Villiers
Batting: SHB Thomas Simmons 0-0: Swinging Strike
0-1: Ball
1-1: Ground out 6-3 (Groundball, 6)
Batting: RHB Gabriel Soto 0-0: Ball
1-0: SINGLE (Groundball, 2L) (infield hit)
Batting: LHB Frank García 0-0: Ball
1-0: Called Strike
1-1: Ball
2-1: Fly out, F9 (Line Drive, 89M)
Batting: RHB Júlio Morales 0-0: Called Strike
Gabriel Soto steals 2nd base
0-1: Ball
1-1: Foul Ball, location: 2F
1-2: Ball
2-2: Foul Ball, location: 2F
2-2: Strikes out swinging
Bottom of the 7th over - 0 run(s), 1 hit(s), 0 error(s), 1 left on base; Alabama 2 - Ohio State 5
TOP OF THE 8TH
Alabama Crimson Tide batting - Pitching for Ohio State Buckeyes : RHP Walt Davis
Now at C: Junior Nájera
Batting: LHB Davey Davis 0-0: Called Strike
0-1: Ball
1-1: Called Strike
1-2: Foul Ball, location: 2F
1-2: Foul Ball, location: 2F
1-2: Strikes out swinging
Batting: LHB Miguel Colón 0-0: Ball
1-0: Ball
2-0: Fly out, F7 (Popup, 78S)
Batting: RHB Pablo Gómez 0-0: Ball
1-0: Ball
2-0: Ball
3-0: Base on Balls
Pitching: RHP Danny Bates
Batting: RHB Andrew O'Dell 0-0: Called Strike
0-1: Fly out, F9 (Flyball, 9M)
Top of the 8th over - 0 run(s), 0 hit(s), 0 error(s), 1 left on base; Alabama 2 - Ohio State 5
BOTTOM OF THE 8TH
Ohio State Buckeyes batting - Pitching for Alabama Crimson Tide : RHP Logan Villiers
Pitching: LHP Earl Holliday
Batting: SHB Jorge Rodríguez 0-0: Foul Ball, location: 2F
0-1: Foul Ball, location: 2F
0-2: Ball
1-2: DOUBLE (Line Drive, 78M)
Batting: SHB Devin Smith 0-0: Intentional Walk
Batting: SHB Tony Patterson 0-0: Called Strike
0-1: Bunted foul
0-2: Ball
1-2: Ball
2-2: Strikes out swinging
Batting: LHB Matt Ruskin 0-0: Foul Ball, location: 2F
0-1: Ball
1-1: Called Strike
1-2: Ball
2-2: Ball
3-2: Fly out, F6 (Popup, 6MD)
Batting: RHB Santiago Gutiérrez 0-0: Called Strike
0-1: Ball
1-1: Fly out, F9 (Flyball, 89M)
Bottom of the 8th over - 0 run(s), 1 hit(s), 0 error(s), 2 left on base; Alabama 2 - Ohio State 5
TOP OF THE 9TH
Alabama Crimson Tide batting - Pitching for Ohio State Buckeyes : RHP Danny Bates
Pitching: RHP Bartolo Villarreal
Batting: RHB Eddie Howell 0-0: Ball
1-0: Ball
2-0: Called Strike
2-1: Ball
3-1: Base on Balls
Batting: SHB Shane Hutchinson 0-0: Foul Ball, location: 2F
0-1: Grounds out, U3 (Groundball, 3L)
Batting: LHB Raúl Morales 0-0: Ball
1-0: Foul Ball, location: 2F
1-1: Ball
2-1: Swinging Strike
2-2: SINGLE (Groundball, 13S) (infield hit)
Eddie Howell to third
Batting: LHB Carlos Osorio 0-0: Ball
1-0: Fly out, F6 (Popup, 56D)
Batting: LHB Mike Godfrey 0-0: Called Strike
0-1: Ball
1-1: Fly out, F5 (Popup, 5SF)
Top of the 9th over - 0 run(s), 1 hit(s), 0 error(s), 2 left on base; Alabama 2 - Ohio State 5
This league is powered by Out of the Park Baseball, the baseball management simulation game for PC, Mac and Linux
Wednesday, December 2nd, 2015 - OOTP Baseball 16.8 Build 38